 Dungeon Crawl Stone Soup version 0.19-a0-1626-g5215c36 (webtiles) character file.

217018 TheGoonsmith the Devastator (level 18, -12/127 HPs)
             Began as a Demonspawn Wizard on Sept 18, 2016.
             Was the Champion of Sif Muna.
             Killed from afar by a merfolk aquamancer (24 damage)
             ... with a great wave of water
             ... on level 2 of the Shoals.
             The game lasted 02:39:34 (47432 turns).

TheGoonsmith the Devastator (Demonspawn Wizard)    Turns: 47432, Time: 02:39:34

Health: -12/127    AC: 27    Str: 12    XL:     18   Next: 37%
Magic:  0/35       EV: 14    Int: 26    God:    Sif Muna [******]
Gold:   158        SH:  6    Dex: 19    Spells: 10 memorised, 2 levels left

rFire  + + .     SeeInvis .     N - +3 Elemental Staff {rElec rF++ rC++ MR++ AC+5}
rCold  + + +     Gourm    .     h - +5 ring mail of Truth {Str+4}
rNeg   + + .     Faith    +     (no shield)
rPois  +         Spirit   +     a - +1 helmet
rElec  +         Dismiss  .     q - +2 cloak {MR+}
rCorr  .         Reflect  .     y - +2 pair of gloves
MR     ++++.     Harm     .     I - +0 pair of boots
Stlth  ++........               V - amulet "Wuemm" {Faith rElec rPois rN++ Int-3}
                                D - +6 ring of dexterity
                                M - +3 ring of intelligence

@: flying, very slightly contaminated, repel missiles, divine energy
A: hooves 2, large bone plates 2, cold resistance 1, spiny 2, magic shield,
magic regeneration
a: Stop Divine Energy, Channel Magic, Forget Spell, Renounce Religion
}: 1/15 runes: gossamer


You were on level 2 of the Shoals.
You worshipped Sif Muna.
Sif Muna was exalted by your worship.
You were very hungry.

You visited 5 branches of the dungeon, and saw 29 of its levels.
You also visited: Labyrinth, Ossuary and Bailey.

You collected 3431 gold pieces.
You spent 3273 gold pieces at shops.

Inventory:

Hand Weapons
 f - the +6 quarterstaff "Biblogaff" {elec, +Fly rN++ Str+4}
   (You found it on level 4 of the Spider Nest)

   Occasionally, upon striking a foe, it will discharge some electrical energy
   and cause terrible harm.
   It affects your strength (+4).
   It greatly protects you from negative energy.
   It lets you fly.
 m - a +0 triple sword of flaming
 N - the +3 Elemental Staff (weapon) {rElec rF++ rC++ MR++ AC+5}
   (You bought it in a shop on level 2 of the Orcish Mines)

   It affects your AC (+5).
   It greatly protects you from fire.
   It greatly protects you from cold.
   It insulates you from electricity.
   It affects your resistance to hostile enchantments.
Missiles
 j - 8 throwing nets
 F - 71 tomahawks of returning (quivered)
Armour
 a - a +1 helmet (worn)
 h - the +5 ring mail of Truth (worn) {Str+4}
   (You found it on level 1 of the Lair of Beasts)

   It affects your strength (+4).
 q - a +2 cloak of magic resistance (worn)
 y - a +2 pair of gloves (worn)
 I - a +0 pair of boots (worn)
Jewellery
 b - an uncursed ring of wizardry {unknown}
 c - an uncursed ring of magical power
 n - a cursed -3 ring of slaying {unknown}
 t - an uncursed ring of see invisible
 D - a +6 ring of dexterity (right hand)
 M - a +3 ring of intelligence (left hand)
 V - the amulet "Wuemm" (around neck) {Faith rElec rPois rN++ Int-3}
   (You found it in a labyrinth)

   [amulet of faith]

   It allows you to gain divine favour quickly.
   It affects your intelligence (-3).
   It insulates you from electricity.
   It protects you from poison.
   It greatly protects you from negative energy.
Wands
 J - a wand of hasting (2/9)
Scrolls
 l - 2 scrolls of enchant armour
 o - 6 scrolls of fear
 r - 14 scrolls of identify
 u - 2 scrolls of fog
 v - a scroll of amnesia
 B - 15 scrolls of remove curse
 K - 4 scrolls of blinking
 L - 13 scrolls of teleportation
 X - 4 scrolls of magic mapping
Potions
 e - 5 potions of flight
 g - 2 potions of heal wounds
 k - 4 potions of resistance
 p - 6 potions of magic
 s - 2 potions of invisibility
 w - 2 potions of haste
 x - 2 potions of brilliance
 z - 5 potions of ambrosia
 A - 6 potions of agility
 C - 3 potions of cancellation
 E - 14 potions of curing
 G - 3 potions of berserk rage
 H - a potion of cure mutation
 P - 5 potions of might
Books
 i - a book of the Sky

   Spells                             Type                      Level
   a - Summon Lightning Spire         Summoning/Air                4
   b - Airstrike                      Air                          4
   c - Silence                        Hexes/Air                    5
   d - Deflect Missiles               Charms/Air                   6
   e - Conjure Ball Lightning         Conjuration/Air              6
   f - Tornado                        Air                          9
 Q - Sif Muna's Volume of the Igneous Birds
   (Sif Muna gifted it to you on level 2 of the Shoals)

   Spells                             Type                      Level
   a - Repel Missiles                 Charms/Air                   2
   b - Swiftness                      Charms/Air                   2
   c - Throw Flame                    Conjuration/Fire             2
   d - Bolt of Magma                  Conjuration/Fire/Earth       5
   e - Bolt of Fire                   Conjuration/Fire             6
   f - Fire Storm                     Conjuration/Fire             9
Comestibles
 d - 5 bread rations
 O - a meat ration
 R - 2 chunks of flesh
 S - 27 beef jerkies


   Skills:
 - Level 7.2 Fighting
   Level 6.0 Maces & Flails
   Level 7.0 Polearms
 + Level 8.6 Armour
 - Level 5.7 Dodging
 - Level 1.7 Stealth
   Level 4.2 Shields
 - Level 13.0 Spellcasting
 - Level 16.2 Conjurations
 - Level 7.0 Charms
   Level 1.0 Summonings
 - Level 2.7 Translocations
 - Level 3.8 Fire Magic
 - Level 11.0 Ice Magic
 - Level 11.0 Air Magic
 - Level 6.1 Poison Magic
 - Level 6.5 Invocations


You had 2 spell levels left.
You knew the following spells:

 Your Spells              Type           Power        Failure   Level  Hunger
a - Magic Dart            Conj           ####         0%          1    None
b - Freezing Cloud        Conj/Ice/Air   ######....   8%          6    #####..
c - Conjure Flame         Conj/Fire      ######..     1%          3    None
d - Orb of Destruction    Conj           #######...   10%         7    ######.
e - Blink                 Tloc           N/A          4%          2    None
f - Dispel Undead         Necr           ###.....     99%         5    ###....
g - Olgreb's Toxic Radia  Pois           #####...     8%          4    None
r - Repel Missiles        Chrm/Air       ######       1%          2    None
x - Bolt of Cold          Conj/Ice       ######....   4%          6    #####..
z - Iskenderun's Battles  Conj/Chrm      ######..     1%          5    ###....


Dungeon Overview and Level Annotations

Branches:
Dungeon (15/15)            Temple (0/1) D:6            Lair (6/6) D:10
 Shoals (2/4) Lair:4       Spider (4/4) Lair:2        Slime (0/5) Lair:6
    Orc (2/2) D:12            Elf (0/3) Orc:2        Vaults (0/5) D:13
 Depths (0/5) D:15

Altars:
Ashenzari
Cheibriados
Dithmenos
Elyvilon
Fedhas
Gozag
Hepliaklqana
Nemelex Xobeh
Okawaru
Qazlal
Ru
Sif Muna
Trog
Xom
Zin
Beogh

Shops:
D:6 *   D:15 *   Orc:2 (%?[


Innate Abilities, Weirdness & Mutations

You have hoof-like feet.
You are mostly covered in large bone plates. (SH +6)
Your flesh is cold resistant. (rC+)
You are mostly covered in sharp spines.
When hurt, damage is shared between your health and your magic reserves.
You regenerate magic rapidly.


Message History

The merfolk aquamancer blinks!
The merfolk throws a tomahawk.
The tomahawk closely misses you.
You hear a splash.
The merfolk aquamancer mumbles some strange words.
The merfolk aquamancer blinks!
The merfolk throws a tomahawk.
The tomahawk is repelled.
You hear a splash.
A sea snake comes into view.
The water nymph points at you and mumbles some strange words.
The water rises up and strikes you!
* * * LOW HITPOINT WARNING * * *
Okay, then.
Blink to where?
Press: ? - help, Dir - move target cursor You are very lightly contaminated with residual magic.
As you read the scroll of blinking, it crumbles to dust.
The merfolk throws a tomahawk.
The tomahawk misses you.
The merfolk aquamancer gestures at you while chanting.
The great wave of water hits you!
You die...

≈≈.≈≈≈≈≈≈≈≈≈≈≈≈(≈≈≈≈.....≈..
≈≈≈≈≈≈≈≈.≈≈≈≈≈≈(m≈.≈≈m..(...
≈≈≈≈≈≈≈..≈≈≈≈≈≈≈§≈≈≈..SP...≈
.≈≈≈≈≈≈.≈≈≈≈≈≈≈≈≈≈≈≈≈≈)PP..
..≈.≈≈≈≈≈≈≈≈≈≈≈≈m≈≈≈≈≈≈≈PP
..[..≈≈.≈≈≈≈≈≈≈≈≈≈≈≈≈≈≈≈≈≈
(.......≈≈≈≈≈≈≈≈≈≈≈≈≈≈≈≈≈≈
.##..^...≈≈((≈(≈≈≈≈≈≈≈≈≈
.####....(≈≈.≈≈≈@≈≈≈≈≈≈≈ ..#
#......(.≈≈≈≈≈≈≈≈≈≈≈
..###.≈......≈)≈≈≈≈≈≈≈≈≈
..)#(.≈.(..#.≈≈≈≈≈≈≈≈≈≈≈
............#.≈≈≈≈.≈≈≈≈≈
.(....≈...(...≈≈≈≈≈≈≈≈≈≈
......≈≈≈≈..#.≈≈≈≈≈≈≈≈≈≈
....≈.≈≈≈≈...≈.≈≈≈≈≈≈≈≈≈
..≈...≈≈≈≈≈....≈≈≈≈≈≈


You could see a sea snake, a merfolk aquamancer, a merfolk and a water nymph.

Vanquished Creatures
  Arachne (Spider:4)
  Rupert (Spider:1)
  A kraken (Shoals:1)
  5 emperor scorpions
  Louise (Spider:3)
  5 ghost moths
  4 entropy weavers
  A stone giant (Orc:2)
  A spark wasp (Spider:4)
  A minotaur (Lab)
  3 fire dragons
  2 merfolk javelineers
  Josephine (D:14)
  Snorg (D:14)
  3 merfolk impalers
  Fannar (D:11)
  Harold (Orc:1)
  Erolcha (D:10)
  8 hydras
  A catoblepas (Lair:4)
  A merfolk aquamancer (Shoals:2)
  3 merfolk avatars
  5 centaur warriors
  A satyr (Shoals:2)
  6 death yaks
  A tengu warrior (D:13)
  An ogre mage (D:15)
  6 orc high priests
  Urug (D:14)
  4 skeletal warriors
  4 sea snakes
  6 unseen horrors
  A wizard (D:13)
  Pikel (D:7)
  7 harpies
  9 hill giants
  2 oklob plants (Shoals:1)
  19 ugly things
  37 wolf spiders
  11 fauns
  7 orc knights
  A wolf spider zombie (D:13)
  19 orb spiders
  A deep elf mage (D:14)
  8 hornets
  3 moths of wrath
  6 cyclopes
  An orc sorcerer (D:12)
  A salamander (shapeshifter) (D:14)
  6 manticores
  A water nymph (Shoals:2)
  15 elephants
  5 sirens
  The ghost of TheGoonsmith the Cleaver, a novice HOGl (Ossuary)
  6 black mambas
  2 gargoyles
  22 spiny frogs
  2 torpor snails
  3 kobold demonologists
  An efreet (D:13)
  11 komodo dragons
  4 rime drakes
  16 demonic crawlers
  A yaktaur (D:15)
  2 merfolk (Shoals:1)
  3 trolls
  A polar bear (shapeshifter) (D:13)
  49 jumping spiders
  3 meliai (Spider:3)
  11 polar bears
  A jumping spider (shapeshifter) (D:15)
  A wind drake (Shoals:2)
  6 two-headed ogres
  3 raiju (Lair:6)
  8 hippogriffs
  6 dream sheep (Shoals:2)
  10 blink frogs
  2 snapping turtles (Shoals:1)
  2 boulder beetles
  22 slime creatures
  A shadow (D:14)
  A vampire (D:15)
  76 redbacks
  A water elemental (Shoals:1)
  40 tarantellas
  2 wyverns
  37 yaks
  4 wraiths
  2 basilisks
  6 vampire mosquitoes (D:15)
  A hungry ghost (D:12)
  5 steam dragons
  Menkaure (D:5)
  3 mottled dragons
  Edmund (D:4)
  2 swamp worms (D:11)
  7 wargs (Lair:6)
  17 water moccasins
  36 orc warriors
  5 hell hounds (Lair:6)
  7 porcupines
  3 swamp drakes (Lair:6)
  A slave (D:7)
  17 black bears
  A necrophage (D:7)
  4 phantoms
  An eye of draining (D:14)
  3 wasps
  3 ice beasts
  A sky beast (D:13)
  22 centaurs
  16 wolves
  19 ogres
  19 crocodiles
  4 big kobolds
  18 bullfrogs
  A wyvern zombie (D:12)
  A troll zombie (D:12)
  3 scorpions
  19 killer bees
  2 electric eels
  5 howler monkeys
  10 crimson imps
  A quasit (D:10)
  4 bullfrog skeletons
  10 bullfrog zombies
  4 centaur zombies
  Crazy Yiuf (D:4)
  21 hounds
  5 jellies
  28 orc priests
  5 centaur skeletons
  14 iguanas
  16 mummies (Ossuary)
  26 orc wizards
  12 worker ants
  A killer bee zombie (Ossuary)
  7 ogre zombies (D:12)
  6 hound zombies
  A howler monkey zombie (Ossuary)
  3 worker ant zombies
  20 gnolls
  13 adders
  30 river rats
  4 shadow imps
  An ooze (D:7)
  4 adder zombies
  24 worms
  A dart slug (D:2)
  7 leopard geckos
  98 orcs
  3 giant cockroaches
  10 goblins
  21 hobgoblins
  13 jackals
  5 quokkas
  2 ball pythons
  9 bats
  3 frilled lizards
  A giant cockroach zombie (Ossuary)
  3 goblin skeletons (D:12)
  3 goblin zombies (D:12)
  3 hobgoblin zombies (D:12)
  A jackal zombie (Ossuary)
  27 kobolds
  2 leopard gecko zombies
  2 orc skeletons (D:12)
  14 orc zombies (D:12)
  A quokka skeleton (D:4)
  11 rats
  2 plants (Shoals:1)
1373 creatures vanquished.

Vanquished Creatures (others)
  A spark wasp (Spider:4)
  A merfolk aquamancer (Shoals:2)
  A harpy (Shoals:2)
  A redback (Spider:3)
  2 water elementals (Shoals:2)
  3 slaves (D:7)
  A killer bee (D:7)
  An orc (D:7)
  A quokka (D:14)
  8 fungi
  18 plants
  5 tentacles (Shoals:1)
  2 withered plants (Ossuary)
45 creatures vanquished.

Grand Total: 1418 creatures vanquished

Notes
Turn   | Place    | Note
-------+----------+-------------------------------------------
     0 | D:1      | TheGoonsmith the Demonspawn Wizard began the quest for the Orb.
     0 | D:1      | Reached XP level 1. HP: 13/13 MP: 4/4
   311 | D:1      | Gained mutation: You are partially covered in large bone plates. (SH +4) [demonic ancestry]
   311 | D:1      | Reached XP level 2. HP: 9/19 MP: 0/6
   334 | D:1      | Reached skill level 2 in Conjurations
  1060 | D:2      | Found a stormy altar of Qazlal.
  1066 | D:2      | Reached XP level 3. HP: 24/24 MP: 5/7
  1321 | D:2      | Learned a level 3 spell: Mephitic Cloud
  1325 | D:2      | Learned a level 3 spell: Conjure Flame
  1476 | D:2      | Reached skill level 3 in Conjurations
  2158 | D:2      | Gained mutation: When hurt, damage is shared between your health and your magic reserves. [demonic ancestry]
  2158 | D:2      | Reached XP level 4. HP: 8/30 MP: 1/9
  2677 | D:3      | Reached skill level 4 in Conjurations
  2941 | D:3      | Gained mutation: You are partially covered in sharp spines. [demonic ancestry]
  2941 | D:3      | Reached XP level 5. HP: 35/35 MP: 3/10
  3408 | D:4      | Noticed an ogre
  3596 | D:4      | Reached skill level 5 in Conjurations
  3715 | D:4      | Found a glowing silver altar of Zin.
  3735 | D:4      | Found a sacrificial altar of Ru.
  3759 | D:4      | Reached XP level 6. HP: 41/41 MP: 2/12
  3832 | D:4      | Learned a level 2 spell: Blink
  3835 | D:4      | Learned a level 2 spell: Repel Missiles
  3940 | D:4      | Found a snail-covered altar of Cheibriados.
  4040 | D:4      | Reached skill level 1 in Poison Magic
  4114 | D:4      | Reached skill level 1 in Air Magic
  4248 | D:4      | Noticed Edmund
  4376 | D:4      | Killed Edmund
  4376 | D:4      | Reached skill level 6 in Conjurations
  4544 | D:4      | Gained mutation: You have large cloven feet. [demonic ancestry]
  4544 | D:4      | Reached XP level 7. HP: 30/46 MP: 8/13
  4833 | D:4      | Reached skill level 1 in Fighting
  4877 | D:4      | Found a runed door.
  5282 | D:4      | Noticed Crazy Yiuf
  5290 | D:4      | Killed Crazy Yiuf
  5419 | D:5      | Entered Level 5 of the Dungeon
  5434 | D:5      | Noticed Menkaure
  5771 | D:5      | Reached skill level 7 in Conjurations
  6137 | D:4      | Reached XP level 8. HP: 47/58 MP: 8/14
  6279 | D:5      | Reached skill level 8 in Conjurations
  6396 | D:5      | Reached skill level 1 in Fire Magic
  6405 | D:5      | You fall through a shaft for 3 floors!
  6873 | D:7      | Found a flagged portal.
  6904 | Bailey   | Entered a bailey
  7246 | Bailey   | Noticed an orc knight
  7727 | Bailey   | Killed an orc knight
  7727 | Bailey   | Reached skill level 5 in Spellcasting
  7727 | Bailey   | Gained mutation: You regenerate magic rapidly. [demonic ancestry]
  7727 | Bailey   | Reached XP level 9. HP: 43/64 MP: 6/17
  7975 | D:7      | Found a shadowy altar of Dithmenos.
  7981 | D:7      | Noticed Pikel
  8057 | D:7      | Killed Pikel
  8246 | D:6      | Found a sand-covered staircase.
  8256 | Ossuary  | Entered an ossuary
  8266 | Ossuary  | Reached skill level 1 in Translocations
  8562 | Ossuary  | Noticed TheGoonsmith's ghost (novice HOGl)
  8600 | Ossuary  | Killed TheGoonsmith's ghost
  8838 | Ossuary  | Gained mutation: You have hoof-like feet. [demonic ancestry]
  8838 | Ossuary  | Reached XP level 10. HP: 70/70 MP: 15/21
  9002 | D:5      | Killed Menkaure
  9011 | D:5      | Reached skill level 1 in Maces & Flails
  9372 | D:5      | Noticed a moth of wrath
  9456 | D:5      | Reached skill level 1 in Charms
  9499 | D:5      | Found a bloodstained altar of Trog.
  9533 | D:6      | Found a deep blue altar of Sif Muna.
  9541 | D:6      | Became a worshipper of Sif Muna the Loreminder
  9590 | D:6      | Found a staircase to the Ecumenical Temple.
  9606 | D:6      | Found an iron altar of Okawaru.
  9608 | D:6      | Found a stormy altar of Qazlal.
  9645 | D:6      | Found Gozag's Platinum Reserve.
  9650 | D:6      | Found an opulent altar of Gozag.
  9714 | D:6      | Found a hazy altar of Hepliaklqana.
  9899 | D:6      | Found a blossoming altar of Fedhas.
  9910 | D:6      | Found a shimmering altar of Xom.
  9917 | D:6      | Found a shimmering altar of Xom.
  9917 | D:6      | Found a shimmering altar of Xom.
  9918 | D:6      | Found a shimmering altar of Xom.
 10332 | D:7      | Found a white marble altar of Elyvilon.
 11200 | D:8      | Reached skill level 5 in Maces & Flails
 12150 | D:8      | Found a deep blue altar of Sif Muna.
 12282 | D:8      | Reached skill level 5 in Fighting
 12466 | D:9      | Found a sparkling altar of Nemelex Xobeh.
 12505 | D:9      | Found a shattered altar of Ashenzari.
 12537 | D:9      | Gained mutation: You are mostly covered in sharp spines. [demonic ancestry]
 12537 | D:9      | Reached XP level 11. HP: 45/81 MP: 12/22
 13062 | D:10     | Entered Level 10 of the Dungeon
 13069 | D:10     | Reached * piety under Sif Muna
 13080 | D:10     | Got an ancient spear
 13085 | D:10     | Identified the +4 spear of Rubbish {pierce, MR+ MP+9 Str+2 Dex+3} (You found it on level 10 of the Dungeon)
 13188 | D:10     | Found a staircase to the Lair.
 13230 | D:10     | Reached skill level 1 in Polearms
 13659 | Lair:1   | Entered Level 1 of the Lair of Beasts
 14005 | Lair:1   | Reached skill level 5 in Polearms
 14301 | Lair:1   | Got a turquoise-encrusted ring mail
 14333 | Lair:1   | Identified the +5 ring mail of Truth {Str+4} (You found it on level 1 of the Lair of Beasts)
 14385 | Lair:1   | Reached skill level 1 in Armour
 15074 | Lair:1   | Gained mutation: Your spells are a little harder to cast, but a little more powerful. [potion of beneficial mutation]
 15281 | Lair:2   | Reached skill level 1 in Shields
 15521 | Lair:2   | Gained mutation: You are mostly covered in large bone plates. (SH +6) [demonic ancestry]
 15521 | Lair:2   | Reached XP level 12. HP: 89/89 MP: 23/23
 15702 | Lair:2   | Noticed a five-headed hydra
 15751 | Lair:2   | Killed a five-headed hydra
 16590 | Lair:2   | Reached skill level 5 in Dodging
 16866 | Lair:2   | Found a hole to the Spider Nest.
 16949 | Lair:3   | Identified a scroll of acquirement
 16957 | Lair:3   | Learned a level 5 spell: Iskenderun's Battlesphere
 16971 | Lair:3   | Found a labyrinth entrance.
 16984 | Lair:3   | Got a scorched marble ring
 16994 | Lab      | Entered a labyrinth
 17400 | Lab      | Noticed a minotaur
 17424 | Lab      | Killed a minotaur
 17453 | Lab      | Got a warped pewter ring
 17475 | Lab      | Got a serpentine ruby amulet
 17486 | Lab      | Identified the ring of Xuxoasoe {*Contam rPois rF+ Slay-4 SInv} (You found it on level 3 of the Lair of Beasts)
 17488 | Lab      | Identified the ring "Ateunel" {+Fly rF+ Str+2} (You took it off a minotaur in a labyrinth)
 17490 | Lab      | Identified the amulet "Wuemm" {Faith rElec rPois rN++ Int-3} (You found it in a labyrinth)
 17748 | Lair:1   | Learned a level 6 spell: Freezing Cloud
 18038 | Lair:2   | Reached ** piety under Sif Muna
 18185 | Lair:3   | Noticed a seven-headed hydra
 18302 | Lair:3   | Noticed a death yak
 18374 | Lair:3   | Killed a seven-headed hydra
 18740 | Lair:2   | Reached skill level 5 in Charms
 19123 | D:11     | Noticed Erolcha
 19142 | D:10     | Killed Erolcha
 19142 | D:10     | Reached skill level 9 in Conjurations
 19253 | D:11     | Reached *** piety under Sif Muna
 19800 | D:11     | Noticed Fannar
 19810 | D:11     | Killed Fannar
 20014 | D:11     | Reached **** piety under Sif Muna
 20436 | D:12     | Reached XP level 13. HP: 96/96 MP: 22/24
 20487 | D:12     | Reached skill level 10 in Conjurations
 21089 | D:12     | Reached ***** piety under Sif Muna
 21093 | D:12     | Identified Sif Muna's Grimoire of Igneous Battle Magic (Sif Muna gifted it to you on level 12 of the Dungeon)
 21093 | D:12     | Received a gift from Sif Muna
 21295 | D:12     | Found a staircase to the Orcish Mines.
 21410 | Orc:1    | Entered Level 1 of the Orcish Mines
 21418 | Orc:1    | Noticed Harold
 21427 | Orc:1    | Killed Harold
 21525 | Orc:2    | Entered Level 2 of the Orcish Mines
 21907 | Orc:1    | Found a roughly hewn altar of Beogh.
 22294 | Orc:1    | Found a roughly hewn altar of Beogh.
 22452 | Orc:2    | Found a staircase to the Elven Halls.
 22469 | Orc:2    | Reached skill level 11 in Conjurations
 22551 | Orc:2    | Noticed a stone giant
 22585 | Orc:2    | Killed a stone giant
 23010 | Lair:3   | Found a glowing silver altar of Zin.
 23339 | Lair:3   | Reached skill level 1 in Ice Magic
 23552 | Lair:4   | Found a staircase to the Shoals.
 23561 | Lair:4   | Identified Sif Muna's Collected Works on the Traveller and Poison (Sif Muna gifted it to you on level 4 of the Lair of Beasts)
 23561 | Lair:4   | Received a gift from Sif Muna
 24378 | Lair:4   | Reached skill level 5 in Air Magic
 24783 | Lair:5   | Gained mutation: Your flesh is cold resistant. (rC+) [demonic ancestry]
 24783 | Lair:5   | Reached XP level 14. HP: 103/103 MP: 27/27
 25100 | Lair:6   | Entered Level 6 of the Lair of Beasts
 25353 | Lair:6   | Reached skill level 12 in Conjurations
 25414 | Lair:6   | Identified Sirallidghu's Papyrus of the Gastropod (Sif Muna gifted it to you on level 6 of the Lair of Beasts)
 25414 | Lair:6   | Received a gift from Sif Muna
 25426 | Lair:6   | Learned a level 7 spell: Orb of Destruction
 25516 | Lair:6   | Found a staircase to the Slime Pits.
 25545 | Lair:6   | Reached skill level 10 in Spellcasting
 27166 | Lair:6   | Identified Sif Muna's Volume of Lethal Feathers (Sif Muna gifted it to you on level 6 of the Lair of Beasts)
 27166 | Lair:6   | Received a gift from Sif Muna
 27168 | Lair:6   | Reached skill level 5 in Ice Magic
 28150 | Lair:6   | Got an ancient pewter ring
 28842 | Lair:1   | Identified the ring of the Devil {rPois MR+ Str+2 Dex+5 Slay-5} (You found it on level 6 of the Lair of Beasts)
 29110 | D:13     | Identified Sif Muna's Handbook of Boosting Poisoning (Sif Muna gifted it to you on level 13 of the Dungeon)
 29110 | D:13     | Received a gift from Sif Muna
 29110 | D:13     | Reached XP level 15. HP: 108/108 MP: 29/29
 29218 | D:13     | Reached skill level 13 in Conjurations
 29358 | D:13     | Reached ****** piety under Sif Muna
 30497 | D:13     | Found a gate to the Vaults.
 30535 | D:14     | Noticed Snorg
 30541 | D:14     | Killed Snorg
 30846 | D:14     | Noticed Josephine
 30854 | D:14     | Killed Josephine
 30921 | D:14     | Noticed Urug
 30943 | D:14     | Killed Urug
 31146 | D:14     | Identified Sif Muna's Reference Book on Battle Magic (Sif Muna gifted it to you on level 14 of the Dungeon)
 31146 | D:14     | Received a gift from Sif Muna
 31548 | D:14     | Found a white marble altar of Elyvilon.
 31792 | D:15     | Entered Level 15 of the Dungeon
 31903 | D:14     | Got a crude ring mail
 31904 | D:14     | Identified the +5 ring mail "Foupluimm" {Dex+9} (You found it on level 14 of the Dungeon)
 32492 | D:15     | Identified Sif Muna's Tome of Companions (Sif Muna gifted it to you on level 15 of the Dungeon)
 32492 | D:15     | Received a gift from Sif Muna
 32543 | D:15     | Found a deep blue altar of Sif Muna.
 33373 | D:14     | Reached skill level 14 in Conjurations
 33374 | D:14     | Lost mutation: Your spells are a little harder to cast, but a little more powerful. [potion of cure mutation]
 33569 | D:15     | Reached XP level 16. HP: 115/115 MP: 31/31
 33789 | D:15     | Found a staircase to the Depths.
 34022 | D:15     | Found Ycaotoexa's Blood Bar.
 34448 | Lair:1   | Learned a level 5 spell: Dispel Undead
 34607 | Orc:2    | Identified Sif Muna's Primer on Spellweaving (Sif Muna gifted it to you on level 2 of the Orcish Mines)
 34607 | Orc:2    | Received a gift from Sif Muna
 34840 | Orc:1    | Learned a level 4 spell: Olgreb's Toxic Radiance
 35573 | Orc:2    | Found a roughly hewn altar of Beogh.
 35873 | Orc:2    | Found Waimpeo's Food Boutique.
 35873 | Orc:2    | Found Hutaoq's Antique Weapon Boutique.
 35875 | Orc:2    | Found Vozeivuck's Magic Scroll Shop.
 35875 | Orc:2    | Found Futhrius's Antique Armour Boutique.
 35883 | Orc:2    | Bought a scroll of teleportation for 33 gold pieces
 35883 | Orc:2    | Bought a scroll of amnesia for 38 gold pieces
 35883 | Orc:2    | Bought 3 scrolls of blinking for 247 gold pieces
 35883 | Orc:2    | Bought a scroll of fear for 38 gold pieces
 35885 | Orc:2    | Bought an ichor-stained robe for 153 gold pieces
 35885 | Orc:2    | Bought a pair of embroidered gloves for 121 gold pieces
 35886 | Orc:2    | Identified the +1 robe of Chimes {Int+4} (You bought it in a shop on level 2 of the Orcish Mines)
 35925 | Orc:2    | Bought a scroll of identify for 22 gold pieces
 35925 | Orc:2    | Bought a scroll of identify for 22 gold pieces
 35925 | Orc:2    | Bought a scroll of identify for 22 gold pieces
 35925 | Orc:2    | Bought a scroll of identify for 22 gold pieces
 35925 | Orc:2    | Bought a scroll of magic mapping for 38 gold pieces
 36125 | Spider:1 | Entered Level 1 of the Spider Nest
 36139 | Lair:2   | Reached skill level 5 in Poison Magic
 36400 | Spider:1 | Noticed Rupert
 36417 | Spider:1 | Killed Rupert
 36866 | Spider:1 | Identified Sif Muna's Volume of Darkness and Fire (Sif Muna gifted it to you on level 1 of the Spider Nest)
 36866 | Spider:1 | Received a gift from Sif Muna
 37455 | Spider:1 | Reached skill level 10 in Air Magic
 38889 | Spider:3 | Received a gift from Sif Muna
 39244 | Spider:3 | Noticed Louise
 39264 | Spider:3 | Killed Louise
 39314 | Spider:3 | Reached XP level 17. HP: 65/120 MP: 12/33
 39906 | Spider:4 | Entered Level 4 of the Spider Nest
 39925 | Spider:4 | Reached skill level 10 in Ice Magic
 40513 | Spider:4 | Noticed Arachne
 40613 | Spider:4 | Killed Arachne
 40613 | Spider:4 | Reached skill level 15 in Conjurations
 40944 | Spider:4 | Received a gift from Sif Muna
 41923 | Spider:4 | Identified Sif Muna's Catalogue of Gliding Good Luck (Sif Muna gifted it to you on level 4 of the Spider Nest)
 41923 | Spider:4 | Received a gift from Sif Muna
 42437 | Spider:4 | HP: 6/120 [ghost moth (5)]
 42864 | Spider:3 | Reached skill level 16 in Conjurations
 43351 | Spider:4 | Reached skill level 1 in Invocations
 43682 | Spider:4 | Got a gossamer rune of Zot
 43703 | Spider:4 | Reached skill level 5 in Invocations
 43708 | Spider:4 | Got a brightly glowing quarterstaff
 43709 | Spider:4 | Identified the +6 quarterstaff "Biblogaff" {elec, +Fly rN++ Str+4} (You found it on level 4 of the Spider Nest)
 44199 | Orc:2    | Bought a runed triple sword for 240 gold pieces
 44199 | Orc:2    | Bought the +3 Elemental Staff {rElec rF++ rC++ MR++ AC+5} for 2277 gold pieces
 44448 | Shoals:1 | Entered Level 1 of the Shoals
 44480 | Shoals:1 | Reached XP level 18. HP: 51/127 MP: 0/35
 44878 | Shoals:1 | Reached skill level 5 in Armour
 46139 | Shoals:2 | Identified Sif Muna's Volume of the Igneous Birds (Sif Muna gifted it to you on level 2 of the Shoals)
 46139 | Shoals:2 | Received a gift from Sif Muna
 47111 | Lair:1   | Learned a level 6 spell: Bolt of Cold
 47432 | Shoals:2 | Killed from afar by a merfolk aquamancer

Vault maps used:
D:1:      lightli_arrival_statue_moat, minmay_hexomino_u4
D:2:      grunt_qazlal_clouds
D:4:      lemuel_round_altar, old_standard_altar,
          nicolae_ru_the_path_less_chosen, minivault_19, uniq_edmund,
          uniq_crazy_yiuf_cottage
D:5:      tgw_trog, first_bread, uniq_menkaure
D:6:      nicolae_gozag_zags_fifth_avenue, lemuel_crystal_altar,
          xom_redecorated, fedhas_altar_1, minitemple, basic_altar,
          lightli_ossuary_entry_decrepit_ruins
D:7:      kennysheep_little_box, nicolae_dithmenos_the_darkroom, enter_bailey_2,
          uniq_pikel
D:8:      lemuel_blue_sif_altar
D:9:      overflow_temple_1_default, cheibrodos_ashenzari_chains
D:10:     dpeg_lair_monsters, grunt_ogre_cave
D:11:     minmay_goldmine, grunt_ministairs_14, worms_lemuel, uniq_erolcha,
          uniq_fannar
D:12:     zombieorc2_lemuel
D:13:     david_vaults_1, corexii_corridor_pit
D:14:     elyvilon_altar_4, uniq_snorg, uniq_urug, uniq_josephine
D:15:     grunt_enter_depths_hoard, minmay_misc_feat_encased, basic_altar,
          minmay_crystal_room, guppyfry_shop_blood
Lair:1:   gammafunk_lair_bear_cave
Lair:2:   spider_nest_entry_funnel_web, beast_lair_carwin_6
Lair:3:   basic_altar, lab_entry_generic
Lair:4:   minmay_shoals_entry_beasts, serial_bayou_shore_a
Lair:6:   hangedman_lair_caniforms_friends, guppyfry_lair_end_dragon,
          slime_dummy, grunt_megastairs_1
Shoals:1: nicolae_shoals_this_corrosion
Shoals:2: nicolae_shoals_water_shrine
Spider:1: uniq_rupert
Spider:3: uniq_louise
Spider:4: grunt_spider_rune_parallel, nicolae_spider_shape, uniq_arachne
Orc:1:    cheibrodos_orc_bank, hangedman_feature_mirror, uniq_harold
Orc:2:    st_orc_pillars, basic_altar
Lab:      labyrinth_mini_lab, labyrinth_skeletal_remains,
          nicolae_lab_checkerboard
Ossuary:  ossuary_zaba_flooded
Bailey:   bailey_axe_2, bailey

Skill      XL: |  1  2  3  4  5  6  7  8  9 10 11 12 13 14 15 16 17 18 |
---------------+-------------------------------------------------------+-----
Conjurations   | 2 3 4 5 6 7 8 9 11 12 14 16 | 16.2
Spellcasting   | 4 5 7 9 10 11 12 13 | 13.0
Poison Magic   | 1 6 |  6.1
Air Magic      | 1 4 5 7 9 10 11 | 11.0
Fighting       | 3 6 7 |  7.2
Fire Magic     | 3 |  3.8
Translocations | 2 |  2.7
Dodging        | 4 5 |  5.7
Maces & Flails | 6 |  6.0
Charms         | 2 6 7 |  7.0
Polearms       | 7 |  7.0
Armour         | 4 8 |  8.6
Shields        | 3 4 |  4.2
Ice Magic      | 3 6 8 9 11 | 11.0
Invocations    | 6 |  6.5
Stealth        | |  1.7
Summonings     | |  1.0

Action                   |  1- 3 |  4- 6 |  7- 9 | 10-12 | 13-15 | 16-18 || total
-------------------------+-------+-------+-------+-------+-------+-------++-------
Melee: Hand axe          |    24 |       |       |       |       |       ||    24
       Dagger            |       |    24 |       |       |       |       ||    24
       Dire flail        |       |     7 |   127 |   103 |       |       ||   237
       Kick              |       |       |    21 |   157 |       |       ||   178
       Spear             |       |       |       |   480 |   589 |   293 ||  1362
       Staff             |       |       |       |       |       |   210 ||   210
Throw: Tomahawk          |       |       |     3 |    11 |       |       ||    14
 Cast: Magic Dart        |   102 |   123 |   332 |   629 |  1111 |   536 ||  2833
       Conjure Flame     |       |     2 |    23 |    38 |    41 |     1 ||   105
       Repel Missiles    |       |     1 |     4 |     2 |     5 |     2 ||    14
       Mephitic Cloud    |       |       |     7 |    16 |     7 |       ||    30
       Blink             |       |       |       |    15 |    16 |    39 ||    70
       Iskenderun's Batt |       |       |       |    20 |   173 |    94 ||   287
       Freezing Cloud    |       |       |       |       |    14 |    38 ||    52
       Olgreb's Toxic Ra |       |       |       |       |       |   194 ||   194
       Orb of Destructio |       |       |       |       |       |    50 ||    50
       Bolt of Cold      |       |       |       |       |       |     6 ||     6
Invok: Divine Energy     |       |       |       |     1 |       |       ||     1
Evoke: Wand              |       |       |       |     3 |       |       ||     3
  Use: Scroll            |     1 |    10 |     2 |    22 |     4 |    12 ||    51
       Potion            |       |       |     3 |     4 |     3 |     8 ||    18
 Stab: Confused          |       |       |       |     9 |       |       ||     9
       Distracted        |       |       |       |     1 |       |       ||     1
       Sleeping          |       |       |       |     2 |     2 |       ||     4
       Held in net/web   |       |       |       |       |       |     1 ||     1
  Eat: Chunk             |     3 |     8 |     9 |    23 |    68 |    28 ||   139
       Bread ration      |       |       |     1 |     1 |       |     7 ||     9
       Meat ration       |       |       |       |     3 |     1 |     4 ||     8
       Fruit             |       |       |       |       |     2 |     4 ||     6
       Beef jerky        |       |       |       |       |     1 |     3 ||     4
       Royal jelly       |       |       |       |       |       |     2 ||     2
       Pizza             |       |       |       |       |       |     1 ||     1
Armor: Robe              |     2 |     3 |    21 |    13 |       |       ||    39
       Leather armour    |       |       |       |    44 |       |       ||    44
       Ring mail         |       |       |       |   102 |   254 |   382 ||   738
Dodge: Dodged            |    26 |    23 |    91 |   282 |   391 |   465 ||  1278
       Deflected         |       |     1 |    11 |     8 |    20 |    23 ||    63
Block: Other             |     6 |    12 |    45 |    68 |       |    62 ||   193
       Buckler           |       |       |       |   121 |   554 |   560 ||  1235
